Map: Neon Violet Square LE

Players

Huitzilin - Winner!

  • Race: Zerg Zerg
  • League: Silver
  • Spawn Location: 11:00

CinDra

  • Race: Zerg Zerg
  • League: Silver
  • Spawn Location: 5:00

VOD

Have the link to the VOD?

Description

Time

  • Played on: Feb. 11, 2018, 12:44 a.m.
  • Length: 5:49
Show
View Real Time Build Order
Export as new Build Order

Huitzilin Zerg - Winner!

Build Orders: Pool First 

Get SALT Encoding   

  12  0:08  Overlord  
  12  0:13  Drone  
  13  0:19  Drone  
  14  0:27  Drone  
  15  0:33  Drone  
  16  0:41  Extractor  
  16  0:42  Drone  
  16  0:52  Spawning Pool  
  16  0:56  Drone  
  16  1:06  Drone  
  17  1:16  Drone  
  18  1:25  Drone  
  19  1:35  Hatchery  
  19  1:36  Drone  
  19  1:42  Metabolic Boost  
  19  1:48  Drone  
  20  1:56  Queen  
  22  2:03  Overlord  
  22  2:22  Zergling x4  
  24  2:32  Queen  
  24  2:35  Zergling x2  
  27  2:54  Overlord x2, Baneling Nest  
  27  2:56  Drone  
  27  3:06  Queen  
  29  3:20  Drone  
  29  3:21  Drone x2, Zergling x4  
  29  3:22  Zergling x4  
  36  3:39  Drone x2  
  36  3:40  Drone  
  39  3:55  Zergling x2  
  39  3:56  Zergling x12  
  46  4:06  Zergling x4  
  48  4:12  Hatchery  
  48  4:15  Zergling x6  
  48  4:16  Zergling x2  
  51  4:31  Drone  
  51  4:32  Overlord x3  
  50  4:55  Baneling  
  50  4:56  Baneling x5  
  43  5:23  Drone x3  
  43  5:24  Overlord, Drone x5  
  43  5:25  Overlord  
Show
View Real Time Build Order
Export as new Build Order

CinDra Zerg 

Build Orders: Hatch First 

Get SALT Encoding   

  12  0:01  Drone  
  13  0:08  Drone  
  14  0:30  Overlord x2  
  14  0:48  Drone  
  14  0:49  Drone  
  16  0:53  Drone  
  17  1:11  Hatchery  
  16  1:15  Drone x2  
  18  1:25  Spawning Pool  
  17  1:27  Drone  
  18  1:35  Drone, Extractor  
  18  1:48  Drone  
  19  1:57  Drone  
  20  2:11  Drone  
  20  2:13  Queen  
  23  2:18  Zergling x2  
  24  2:23  Drone  
  25  2:31  Drone  
  25  2:33  Queen  
  25  2:36  Zergling x2  
  29  2:42  Extractor  
  29  2:43  Metabolic Boost  
  28  2:48  Drone  
  28  2:49  Drone, Roach Warren  
  29  3:09  Drone  
  30  3:22  Zergling x4  
  30  3:23  Zergling x6  
  30  3:27  Overlord  
  35  3:31  Drone  
  36  3:51  Lair  
  36  3:53  Pneumatized Carapace  
  36  3:57  Drone  
  36  3:58  Drone x6  
  43  4:11  Hatchery  
  43  4:12  Overlord  
  43  4:14  Drone  
  43  4:16  Drone  
  44  4:36  Extractor  
  44  4:37  Extractor  
  42  4:39  Queen  
  42  4:44  Drone  
  42  4:45  Drone x5  
  49  4:46  Overlord, Drone  
  49  4:54  Roach  
  49  4:55  Roach  
  49  4:57  Zergling x2  
  26  5:27  Roach  
  26  5:28  Roach x5  
Tags
 
Add a new tag
Caveats
  • Supply blocks, unpowered buildings, or Contaminate may cause inaccurate times.
  • Supply counts are checked every 10 seconds.